 Dungeon Crawl Stone Soup version 0.22.0-75-g3901e7991e (webtiles) character file.

2402250 Sotto the Evocator (level 27, 239/239 HPs)
             Began as a Minotaur Berserker on Sept 14, 2018.
             Was a High Priest of Trog.
             Escaped with the Orb
             ... and 4 runes on Sept 15, 2018!
             The game lasted 09:40:46 (73098 turns).

Sotto the Evocator (Minotaur Berserker)            Turns: 73098, Time: 09:40:47

Health: 239/239    AC: 41    Str: 24    XL:     27
Magic:  47/47      EV: 24    Int:  4    God:    Trog [*****.]
Gold:   3391       SH: 33    Dex: 26    Spells: 26/26 levels left

rFire    + . .     SeeInvis .   Z - +8 autumn katana {slice, Clar}
rCold    + + .     Gourm    .   v - +2 large shield
rNeg     . . .     Faith    +   J - +9 scales of the Dragon King {rPois rF+ rC+ MR+}
rPois    +         Spirit   .   s - +2 hat
rElec    .         Reflect  .   b - +2 cloak of Hadjma {Regen+ Str+2 Stlth-}
rCorr    .         Harm     .   L - +1 pair of gloves
MR       ++++.     Clarity  +   i - +1 pair of boots
Stlth    ..........             O - amulet of faith
HPRegen  0.89/turn              r - ring "Manaor" {MR+ MP+9 Dex+3}
MPRegen  0.30/turn              p - ring of protection from cold

@: flying, very slightly contaminated
A: retaliatory headbutt, hooves 1, horns 2, large bone plates 1, camouflage 1,
agile 1, deformed body, frail 1, weak 1, wild magic 1
0: Orb of Zot
}: 4/15 runes: serpentine, barnacled, slimy, silver
a: Berserk, Trog's Hand, Brothers in Arms, Renounce Religion


You escaped.
You worshipped Trog.
Trog was extremely pleased with you.
You were not hungry.

You visited 13 branches of the dungeon, and saw 60 of its levels.

You collected 9558 gold pieces.
You spent 6167 gold pieces at shops.

Inventory:

Hand Weapons
 Z - the +8 autumn katana (weapon) {slice, Clar}
   (You took it off a deep elf archer on level 5 of the Vaults)

   It inflicts extra damage upon your enemies.
   It protects you against confusion.
Missiles
 C - 14 throwing nets (quivered)
Armour
 b - the +2 cloak of Hadjma (worn) {Regen+ Str+2 Stlth-}
   (You found it on level 3 of the Elven Halls)

   It affects your strength (+2).
   It increases your rate of regeneration.
   It makes you less stealthy.
 i - a +1 pair of boots (worn)
 s - a +2 hat (worn)
 v - a +2 large shield (worn)
 J - the +9 scales of the Dragon King (worn) {rPois rF+ rC+ MR+}
   (You bought it in a shop on level 2 of the Orcish Mines)

   It protects you from fire.
   It protects you from cold.
   It protects you from poison.
   It affects your resistance to hostile enchantments.
 L - a +1 pair of gloves (worn)
Jewellery
 k - an uncursed ring of resist corrosion
 p - a ring of protection from cold (right hand)
 q - a +6 ring of intelligence
 r - the ring "Manaor" (left hand) {MR+ MP+9 Dex+3}
   (You bought it in a shop on level 1 of the Depths)

   [ring of magical power]

   It affects your dexterity (+3).
   It affects your resistance to hostile enchantments.
   It affects your magic capacity (+9).
 B - an uncursed ring of protection from fire
 F - an uncursed ring of positive energy
 K - an uncursed ring of see invisible
 O - an amulet of faith (around neck)
Wands
 f - a wand of iceblast (25)
 E - a wand of digging (32)
 I - a wand of paralysis (79)
 M - a wand of clouds (18)
 S - a wand of scattershot (4)
 U - a wand of enslavement (18)
Scrolls
 d - 22 scrolls of teleportation
 g - 9 scrolls of identify
 o - 28 scrolls of remove curse
 w - 5 scrolls of fog
 x - 9 scrolls of blinking
 D - 5 scrolls of holy word
 N - 9 scrolls of magic mapping
 T - 3 scrolls of silence
Potions
 e - 3 potions of flight
 l - 4 potions of resistance
 m - 5 potions of haste
 u - 3 potions of ambrosia
 A - 10 potions of curing
 P - 4 potions of cancellation
 Q - 5 potions of mutation
Miscellaneous
 a - a lightning rod (4/4)
 h - 4 boxes of beasts
 j - the horn of Geryon
 n - a lamp of fire
 y - 4 sacks of spiders
 R - a phial of floods
 Y - 6 phantom mirrors
Comestibles
 c - 41 rations


   Skills:
 - Level 25.0 Fighting
 - Level 16.0 Long Blades
 - Level 2.2 Throwing
 - Level 25.0 Armour
 - Level 25.0 Dodging
 - Level 25.0 Shields
 * Level 25.2 Evocations


You had 26 spell levels left.
You didn't know any spells.
Your spell library was empty.

Dungeon Overview and Level Annotations

Branches:
Dungeon (15/15)            Temple (0/1) D:6            Lair (6/6) D:10
 Shoals (4/4) Lair:3        Snake (4/4) Lair:3        Slime (5/5) Lair:5
    Orc (2/2) D:10            Elf (3/3) Orc:2        Vaults (5/5) D:14
  Crypt (3/3) Vaults:3       Tomb (0/3) Crypt:3      Depths (5/5) D:15
   Hell (1/1)                 Dis (0/7) Hell            Geh (0/7) Hell
    Coc (2/7) Hell            Tar (0/7) Hell            Zot (5/5) Depths:5

Altars:
Cheibriados
Gozag
Hepliaklqana
Kikubaaqudgha
Nemelex Xobeh
Ru
Uskayaw
Vehumet
Wu Jian
Yredelemnul
The Shining One
Beogh
Jiyva

Shops:
D:4 *   D:7 ?   D:9 (   D:10 }}   D:13 *   Orc:2 *!**:   Shoals:1 *
Shoals:2 ((   Snake:4 !   Depths:1 }}=   Depths:4 :

Portals:
Hell: Depths:1 Depths:2 Depths:3 Depths:4 Depths:5
Abyss: Depths:2 Depths:4 Depths:5
Pandemonium: Depths:1 Depths:3
Ziggurat: Depths:3


Innate Abilities, Weirdness & Mutations

You reflexively headbutt those who attack you in melee.
You have a pair of horns on your head.
You have large cloven feet.
You are partially covered in large bone plates. (SH +4)
Your skin changes colour to match your surroundings (Stealth+).
You are agile. (Dex +2)
Armour fits poorly on your strangely shaped body.
You are frail. (-10% HP)
You are weak. (Str -2)
Your spells are a little harder to cast, but a little more powerful.


Message History

There is a stone staircase leading down here.
A smoke demon comes into view.
There is a stone staircase leading up here.
You fly upwards.
There is a stone staircase leading down here.
Press: ? - help, . - travel You can't see that place. [a rock wall.] Evoke which item? (* to show all) (? for menu, Esc to quit)
Aiming: Dig
Press: ? - help, Shift-Dir - straight line You can't see that place.
The rock shatters into small pieces.
You are starting to lose your buoyancy.
You feel more buoyant.
Your extra speed is starting to run out.
You feel yourself slow down.
There is a staircase leading out of the dungeon here.
You can't go down here!
You have escaped!

..........#.####.####
######.##.#.##.....##
######.#....#.#8≈8#.#
.......#..###.#≈≈≈#.#
#.######..# #.#8≈8#.#
#...# #..# #.#≈≈≈#.#
###.# #..# #.#8≈8#.#
....# #..# ##.....##
##### #..# ##.@.##
########..###############
........................#
..................#######
#########.#######.# # ###
###


There were no monsters in sight!

Vanquished Creatures
  the Royal Jelly (Slime:5)
  3 orbs of fire
  7 ancient liches (Zot:5)
  A pandemonium lord (Zot:3)
  A juggernaut (Depths:3)
  The ghost of nago the Illuminatus, a legendary GnAs of Ashenzari (Zot:2)
  Sojobo (Vaults:2)
  7 shard shrikes
  Saint Roka (Vaults:5)
  Xtahua (Crypt:1)
  Boris (Depths:4)
  5 caustic shrikes
  6 Killer Klowns
  5 curse toes
  7 golden dragons
  Jory (Crypt:1)
  Nikola (Snake:2)
  2 electric golems (Zot:5)
  4 bone dragons
  4 liches
  12 tentacled monstrosities
  4 Ice Fiends
  3 titans
  Asterion (Vaults:2)
  3 deep elf blademasters
  29 Orb Guardians
  The ghost of Finguili the Devastator, an adept TeGl of Okawaru (Snake:4)
  5 quicksilver dragons
  An eldritch tentacle (Coc:1)
  2 deep elf master archers (Elf:3)
  4 death cobs
  4 sphinxes
  3 ancient champions (Crypt:1)
  Murray (Hell)
  Kirke (Snake:2)
  11 tengu reavers
  18 acid blobs
  8 shadow dragons
  7 draconian monks
  15 azure jellies
  21 storm dragons
  13 nagarajas (Snake:4)
  3 ghost moths
  8 revenants
  3 draconian knights
  Aizul (Crypt:1)
  6 deep elf sorcerers
  17 fire giants
  13 vault wardens
  A curse skull (Crypt:1)
  4 iron dragons
  5 draconian scorchers
  3 deep elf elementalists (Elf:3)
  A juggernaut zombie (Depths:5)
  2 balrugs
  Louise (Elf:1)
  5 draconian shifters
  10 frost giants
  3 caustic shrike zombies
  5 draconian stormcallers
  7 reapers
  2 spriggan defenders (Depths:3)
  13 ironheart preservers
  A draconian annihilator (Zot:4)
  5 ghouls
  26 stone giants
  17 very ugly things
  16 black draconians
  An entropy weaver (Vaults:4)
  5 war gargoyles
  5 juggernaut skeletons
  9 vampire knights
  Nessos (Orc:1)
  A lorocyproca (Depths:1)
  9 deep elf demonologists
  2 spectral titans (Crypt:3)
  4 deep elf annihilators (Elf:3)
  15 white draconians
  21 green draconians
  7 red draconians
  6 purple draconians
  12 yellow draconians
  8 eidola (Crypt:3)
  A spark wasp (Depths:2)
  16 ettins
  12 deep elf death magi
  A green death (Depths:1)
  6 merfolk javelineers
  4 spectral quicksilver dragons (Crypt:3)
  7 merfolk impalers
  12 fire dragons
  A large abomination (Vaults:5)
  10 jiangshi
  16 yaktaur captains
  2 quicksilver dragon zombies
  6 blizzard demons
  4 deep elf high priests
  7 death oozes (Slime:5)
  Josephine (Snake:1)
  Erolcha (D:12)
  12 great orbs of eyes
  A catoblepas (Lair:2)
  A quicksilver dragon skeleton (Coc:2)
  8 rakshasas
  A hydra (shapeshifter) (D:15)
  8 hydras
  11 ice dragons
  32 vault guards
  Harold (D:7)
  A monstrous demonspawn (Depths:1)
  29 naga warriors
  5 anacondas
  4 merfolk avatars
  4 spriggan air magi
  6 centaur warriors
  An alligator snapping turtle (Shoals:4)
  A hell beast (Depths:1)
  The ghost of GsBirdie the Fighter, a novice MiBe of Trog (D:9)
  5 death knights
  5 merfolk aquamancers
  9 death yaks
  A spectral frost giant (Crypt:3)
  23 ogre magi
  7 vampire magi
  77 two-headed ogres
  26 dancing weapons
  9 deep troll shamans
  A spectral stone giant (Crypt:3)
  6 spriggan berserkers
  6 deep troll earth magi
  3 satyrs
  8 hell hogs
  30 naga sharpshooters
  Urug (D:12)
  5 tengu warriors
  A shock serpent (shapeshifter) (Depths:5)
  A spectral dire elephant (Crypt:3)
  4 shock serpents
  5 spectral storm dragons (Crypt:3)
  6 titan zombies
  A spriggan (Depths:4)
  25 deep elf knights
  5 soul eaters
  3 storm dragon zombies
  7 sun demons
  2 titan skeletons (Depths:5)
  8 hell knights
  2 fire crabs
  A salamander mystic (Snake:1)
  2 iron trolls
  64 skeletal warriors
  2 glowing orange brains
  8 shadow wraiths
  2 unseen horrors
  A storm dragon skeleton (Crypt:1)
  A quicksilver dragon simulacrum (Coc:1)
  19 sea snakes
  11 ironbrand convokers
  A death drake (shapeshifter) (Depths:3)
  A spectral anaconda (Crypt:3)
  6 anaconda zombies
  3 kraken simulacra
  2 spectral iron dragons (Crypt:3)
  9 flayed ghosts
  12 naga ritualists
  A gelid demonspawn (Depths:1)
  A ghost moth zombie (Coc:1)
  24 deep trolls
  A tengu zombie (Depths:5)
  12 deep elf archers
  2 golden dragon skeletons
  4 anaconda skeletons
  4 obsidian statues
  7 necromancers
  9 wizards
  A sphinx zombie (Crypt:1)
  10 orc knights
  65 deep elf magi
  2 spectral hydras (Crypt:3)
  A shadow dragon zombie (Coc:1)
  43 ugly things
  An iron dragon zombie (Depths:5)
  19 phantasmal warriors
  An orc sorcerer (Orc:1)
  22 harpies
  11 fauns
  3 tengu skeletons
  A moth of wrath (shapeshifter) (Vaults:3)
  An orb spider (shapeshifter) (Elf:1)
  2 fire giant zombies
  8 mana vipers
  22 cyclopes
  15 manticores
  2 frost giant zombies (Coc:2)
  2 stone giant zombies
  4 shining eyes
  A salamander (shapeshifter) (Depths:5)
  2 iron dragon skeletons
  A shadow dragon skeleton (Coc:1)
  3 wolf spiders
  16 moths of wrath
  4 elephants (Lair:5)
  33 black mambas
  A guardian serpent (shapeshifter) (Depths:3)
  A spectral shock serpent (Crypt:3)
  A fire giant skeleton (Coc:1)
  6 salamanders
  4 molten gargoyles
  16 vault sentinels
  4 rust devils
  A stone giant skeleton (Coc:1)
  6 guardian serpents
  5 eyes of devastation
  7 water nymphs
  An ice statue (D:13)
  6 merfolk sirens
  12 naga magi
  2 frost giant skeletons
  A spiny frog (shapeshifter) (Vaults:2)
  A smoke demon (Depths:1)
  5 gargoyles
  11 spiny frogs
  A purple draconian zombie (Crypt:2)
  13 komodo dragons
  2 dire elephant skeletons
  28 freezing wraiths
  2 kobold demonologists
  A demonic crawler (Depths:1)
  37 yaktaurs
  A swamp worm zombie (Crypt:2)
  A yaktaur (shapeshifter) (Depths:3)
  A catoblepas skeleton (Coc:1)
  4 tengu conjurers
  3 meliai (D:13)
  14 ice devils
  7 hellwings
  A red devil (Hell)
  4 tormentors
  6 hydra zombies
  18 merfolk
  A merfolk (shapeshifter) (Depths:5)
  12 trolls
  A tyrant leech (shapeshifter) (Depths:3)
  A polar bear (shapeshifter) (Depths:2)
  5 wind drakes
  3 hornets
  21 blink frogs
  A tarantella zombie (Crypt:1)
  73 slime creatures
  2 dream sheep (Shoals:1)
  2 iron dragon simulacra
  4 hydra skeletons
  12 snapping turtles
  A raiju (shapeshifter) (Vaults:5)
  An ettin skeleton (Coc:1)
  A harpy skeleton (Coc:2)
  A hornet (shapeshifter) (Depths:3)
  A blink frog (shapeshifter) (Depths:3)
  An ice dragon zombie (Depths:1)
  6 alligator zombies
  A bog body (Crypt:1)
  A hippogriff (shapeshifter) (Depths:5)
  A fire giant simulacrum (Coc:1)
  2 fire dragon skeletons (Coc:2)
  A frost giant simulacrum (Vaults:1)
  A jumping spider zombie (Crypt:2)
  12 hippogriffs
  An ice dragon skeleton (Coc:1)
  A meliai zombie (D:15)
  A redback (shapeshifter) (Depths:2)
  A black mamba zombie (Coc:1)
  6 flying skulls
  4 shadows
  A fire dragon zombie (Coc:1)
  3 air elementals
  A stone giant simulacrum (Depths:2)
  2 tarantellas (shapeshifter)
  14 wraiths
  10 fire elementals
  25 water elementals
  A dire elephant simulacrum (Crypt:3)
  2 alligator skeletons (Coc:2)
  2 basilisks (Lair:5)
  10 golden eyes
  36 yaks
  An elf simulacrum (Depths:2)
  6 wyverns
  2 hungry ghosts
  7 hogs (Snake:1)
  2 chaos spawn
  3 steam dragons
  2 elf skeletons
  Menkaure (D:3)
  3 wargs
  An acid dragon (Vaults:1)
  58 nagas
  An infernal demonspawn zombie (Crypt:2)
  2 soldier ants (D:8)
  9 spiny frog zombies
  A hydra simulacrum (Coc:1)
  4 floating eyes
  8 hell hounds
  7 porcupines
  13 water moccasins
  3 black bears
  A spiny frog skeleton (Coc:2)
  A monstrous demonspawn skeleton (Coc:1)
  10 ice beasts
  2 sky beasts
  A deep troll skeleton (Crypt:3)
  A fire dragon simulacrum (Crypt:3)
  5 eyes of draining
  4 necrophages
  3 phantoms
  A swamp drake (shapeshifter) (Depths:3)
  33 orc warriors
  A snapping turtle zombie (Coc:2)
  A tengu (shapeshifter) (Vaults:3)
  A boggart (Depths:3)
  71 ogres
  10 centaurs
  37 wolves
  A rime drake zombie (Crypt:3)
  14 crocodiles
  A draconian zombie (Crypt:3)
  A fire crab zombie (Crypt:2)
  2 big kobolds (D:15)
  3 elf zombies
  20 bullfrogs
  2 earth elementals
  A yaktaur skeleton (Crypt:3)
  A deep troll simulacrum (Vaults:1)
  A gnoll sergeant (D:8)
  A hippogriff skeleton (Crypt:1)
  4 scorpions
  5 killer bees (D:9)
  2 water moccasin skeletons
  37 wights
  A troll skeleton (Crypt:3)
  A yak skeleton (Crypt:2)
  12 howler monkeys
  7 electric eels
  5 lava snakes (Lair:6)
  6 crimson imps
  4 bullfrog zombies
  5 centaur zombies
  A quasit (D:6)
  8 human zombies (D:8)
  3 jellies
  Crazy Yiuf (D:7)
  5 hounds
  5 centaur skeletons
  A human skeleton (D:8)
  16 orc priests
  A gnoll shaman (D:10)
  2 iron imps
  27 orc wizards
  Natasha (thrice) (D:2)
  6 iguanas
  13 worker ants
  An ogre zombie (D:8)
  A sky beast zombie (Crypt:1)
  A deep dwarf skeleton (Crypt:1)
  3 hound zombies
  3 hound skeletons
  A mummy (Coc:1)
  3 worker ant zombies
  A gnoll (shapeshifter) (Vaults:5)
  A howler monkey skeleton (D:11)
  14 adders
  10 gnolls
  2 steam dragon skeletons
  4 shadow imps
  6 white imps
  2 oozes
  An adder zombie (D:3)
  A barachi skeleton (Crypt:2)
  2 dart slugs
  6 leopard geckos
  104 orcs
  A ball python (D:2)
  2 giant cockroaches
  A gnoll zombie (Crypt:1)
  7 goblins
  6 hobgoblins
  6 jackals
  14 kobolds
  5 quokkas
  A ball python skeleton (D:4)
  11 bats
  5 frilled lizards
  A frilled lizard skeleton (Crypt:1)
  A frilled lizard zombie (Crypt:1)
  A goblin skeleton (D:7)
  A hobgoblin zombie (D:7)
  2 kobold skeletons (D:7)
  A leopard gecko skeleton (D:6)
  3 orc skeletons (D:7)
  3 orc zombies (D:7)
  2 quokka skeletons
  A quokka zombie (D:8)
  9 rats
  A river rat skeleton (Crypt:1)
  8 plants
  A tentacle (Shoals:4)
2875 creatures vanquished.

Vanquished Creatures (collateral kills)
  An ancient lich (Zot:5)
  An orb of fire (Zot:5)
  Geryon (Hell)
  A tentacled monstrosity (Zot:1)
  A pandemonium lord (Depths:1)
  The ghost of Vichic the Devastator, an adept GrFE of Vehumet (Snake:1)
  A tengu reaver (Vaults:2)
  An ironheart preserver (Vaults:2)
  A draconian stormcaller (Zot:4)
  2 stone giants
  A green draconian (Zot:1)
  A vampire knight (Vaults:3)
  A purple draconian (Zot:1)
  A black draconian (Zot:1)
  A green death (Depths:1)
  A blizzard demon (Depths:1)
  A yaktaur captain (Vaults:5)
  A great orb of eyes (Vaults:2)
  2 merfolk aquamancers (Shoals:2)
  5 two-headed ogres
  2 ogre magi
  A naga sharpshooter (Snake:1)
  Sonja (D:10)
  A deep elf knight (Vaults:5)
  2 flayed ghosts (Crypt:3)
  2 sea snakes (Shoals:2)
  A deep troll (Vaults:3)
  3 ironbrand convokers
  An orc knight (Orc:1)
  A necromancer (Vaults:3)
  A phantasmal warrior (Crypt:3)
  A shining eye (shapeshifter) (Vaults:1)
  A rust devil (Depths:1)
  A black mamba (Snake:1)
  A naga mage (Snake:1)
  3 vault sentinels
  A water nymph (Shoals:2)
  A hellion (Depths:1)
  3 yaktaurs
  3 merfolk (Shoals:2)
  A troll (Orc:1)
  A hippogriff (Shoals:2)
  A wind drake (shapeshifter) (Vaults:3)
  A snapping turtle (shapeshifter) (Vaults:2)
  A stone giant simulacrum (Crypt:3)
  A water elemental (Shoals:2)
  A wraith (D:10)
  A naga (Snake:1)
  An orc warrior (Vaults:2)
  2 ogres
  A centaur (D:10)
  A crocodile (D:10)
  A crimson imp (D:10)
  An orc wizard (Orc:2)
  A white imp (Depths:1)
  3 orcs
  A spectral kobold (Crypt:3)
77 creatures vanquished.

Vanquished Creatures (others)
  2 eldritch tentacles (Coc:1)
  2 fire giants (Depths:2)
  2 draconian knights
  A hell beast (Depths:1)
  An ogre mage (Depths:4)
  2 deep elf knights
  A necromancer (Hell)
  A small abomination (Elf:3)
  A merfolk (Shoals:2)
  A slime creature (Slime:3)
  A wyvern (Lair:6)
  2 water elementals
  2 orc warriors (Vaults:5)
  2 ogres (Vaults:5)
  An orc wizard (Orc:2)
  An orc (Vaults:5)
  12 fungi
  31 plants
  15 tentacles
81 creatures vanquished.

Grand Total: 3033 creatures vanquished

Notes
Turn   | Place    | Note
-------+----------+-------------------------------------------
     0 | D:1      | Sotto the Minotaur Berserker began the quest for the Orb.
     0 | D:1      | Reached XP level 1. HP: 19/19 MP: 0/0
   192 | D:1      | Reached XP level 2. HP: 26/27 MP: 1/1
   593 | D:1      | Reached ** piety under Trog
   725 | D:2      | Reached XP level 3. HP: 30/33 MP: 2/2
   778 | D:2      | Noticed Natasha
   786 | D:2      | Killed Natasha
   786 | D:2      | Reached XP level 4. HP: 30/40 MP: 3/3
   843 | D:2      | Noticed Natasha
   850 | D:2      | Killed Natasha
   850 | D:2      | Reached skill level 5 in Long Blades
   971 | D:2      | Noticed Natasha
   978 | D:2      | Killed Natasha
   978 | D:2      | Reached XP level 5. HP: 41/47 MP: 4/4
  1322 | D:3      | Found a sparkling altar of Nemelex Xobeh.
  1378 | D:3      | Found a radiant altar of Vehumet.
  1555 | D:3      | Found a transporter.
  1555 | D:3      | Noticed a necrophage
  1555 | D:3      | Noticed a necrophage
  1557 | D:3      | Found an ancient bone altar of Kikubaaqudgha.
  1560 | D:3      | Noticed Menkaure
  1571 | D:3      | Found a basalt altar of Yredelemnul.
  1589 | D:3      | Found a transporter.
  1913 | D:4      | Noticed an ogre
  1923 | D:4      | Reached XP level 6. HP: 54/55 MP: 5/5
  1933 | D:4      | Reached *** piety under Trog
  1945 | D:4      | Reached skill level 5 in Fighting
  2059 | D:4      | Reached XP level 7. HP: 25/61 MP: 6/6
  2466 | D:4      | Found Zamac's General Store.
  2869 | D:5      | Entered Level 5 of the Dungeon
  3034 | D:5      | Reached skill level 5 in Armour
  3425 | D:5      | Reached skill level 5 in Dodging
  3475 | D:5      | Reached XP level 8. HP: 62/70 MP: 7/7
  3529 | D:5      | Found a snail-covered altar of Cheibriados.
  3647 | D:3      | Killed Menkaure
  4009 | D:6      | Found a hazy altar of Hepliaklqana.
  4040 | D:6      | Found a hide-covered altar of Uskayaw.
  4056 | D:6      | Reached skill level 1 in Shields
  4184 | D:6      | Found a staircase to the Ecumenical Temple.
  4546 | D:7      | Found a glowing golden altar of the Shining One.
  4571 | D:7      | Reached **** piety under Trog
  4633 | D:7      | Reached XP level 9. HP: 77/79 MP: 8/8
  4665 | D:7      | Noticed Harold
  4684 | D:7      | Killed Harold
  4685 | D:7      | Reached skill level 5 in Shields
  4707 | D:7      | HP: 3/79 [centaur (6)]
  4807 | D:7      | Found Wunoakie's Magic Scroll Shoppe.
  4830 | D:7      | Bought a scroll of identify for 26 gold pieces
  4830 | D:7      | Bought a scroll of remove curse for 39 gold pieces
  4830 | D:7      | Bought a scroll of remove curse for 39 gold pieces
  4924 | D:7      | Found a runed door.
  5232 | D:7      | Noticed Crazy Yiuf
  5239 | D:7      | Killed Crazy Yiuf
  5287 | D:7      | You fall through a shaft!
  5605 | D:8      | Noticed a two-headed ogre
  5617 | D:8      | Killed a two-headed ogre
  5617 | D:8      | Reached XP level 10. HP: 89/89 MP: 9/9
  5902 | D:8      | Found a basalt altar of Yredelemnul.
  6749 | D:9      | Got a warped falchion
  6754 | D:9      | Identified the +3 falchion "Fiavull" {speed, Int+5 Stlth+}
                  | (You found it on level 9 of the Dungeon)
  6860 | D:9      | Found Dinitzau's Antique Weapon Emporium.
  6872 | D:9      | Reached ***** piety under Trog
  6872 | D:9      | Reached skill level 10 in Long Blades
  7063 | D:9      | Gained mutation: You possess an exceptional clarity of
                  | mind. [potion of mutation]
  7063 | D:9      | Gained mutation: Your skin changes colour to match your
                  | surroundings (Stealth+). [potion of mutation]
  7063 | D:9      | Gained mutation: Your muscles are strong. (Str +2) [potion
                  | of mutation]
  7063 | D:9      | Gained mutation: You are partially covered in iridescent
                  | scales. (AC +2) [potion of mutation]
  7067 | D:9      | Found a large runed door.
  7067 | D:9      | Found a large runed door.
  7696 | D:9      | Noticed GsBirdie's ghost (novice MiBe)
  7808 | D:9      | Killed GsBirdie's ghost
  7808 | D:9      | Reached XP level 11. HP: 86/97 MP: 10/10
  7850 | D:10     | Entered Level 10 of the Dungeon
  7905 | D:10     | Noticed Sonja
  8061 | D:10     | Found Rastiest's Gadget Shoppe.
  8070 | D:10     | Bought a wand of flame (24) for 130 gold pieces
  8081 | D:10     | Found a staircase to the Orcish Mines.
  8085 | D:10     | Noticed a two-headed ogre
  8094 | D:10     | Killed a two-headed ogre
  8202 | D:10     | Killed Sonja
  8384 | D:10     | Found a staircase to the Lair.
  8402 | D:10     | Found Toaxoada's Gadget Shop.
  8663 | Orc:1    | Entered Level 1 of the Orcish Mines
  8693 | Orc:1    | Reached skill level 10 in Fighting
  8860 | Orc:1    | Reached skill level 10 in Armour
  8894 | Orc:2    | Entered Level 2 of the Orcish Mines
  9074 | Orc:2    | Found a staircase to the Elven Halls.
  9088 | Orc:2    | Noticed Nessos
  9107 | Orc:2    | Found a roughly hewn altar of Beogh.
  9346 | Orc:2    | Noticed an orc knight
  9363 | Orc:1    | Killed Nessos
  9431 | Orc:2    | Noticed a two-headed ogre
  9432 | Orc:2    | Noticed a two-headed ogre
  9469 | Orc:2    | Noticed a two-headed ogre
  9487 | Orc:1    | Killed a two-headed ogre
  9487 | Orc:1    | Reached skill level 10 in Dodging
  9487 | Orc:1    | Reached skill level 10 in Shields
  9487 | Orc:1    | Killed an orc knight
  9764 | Orc:1    | Killed a two-headed ogre
  9779 | Orc:2    | Noticed a two-headed ogre
  9791 | Orc:1    | Reached XP level 12. HP: 88/107 MP: 11/11
  9820 | Orc:1    | Killed a two-headed ogre
 10109 | Orc:2    | Noticed an ogre mage
 10126 | Orc:2    | Killed an ogre mage
 10130 | Orc:2    | Noticed a two-headed ogre
 10139 | Orc:1    | Killed a two-headed ogre
 10496 | Orc:1    | Killed a two-headed ogre
 10556 | Orc:2    | Noticed an ogre mage
 10765 | Orc:1    | Killed an ogre mage
 10765 | Orc:1    | Received a gift from Trog
 10915 | Orc:2    | Noticed a two-headed ogre
 10924 | Orc:2    | Killed a two-headed ogre
 11067 | Orc:2    | Found Cetwysergh's Distillery.
 11074 | Orc:2    | Noticed a two-headed ogre
 11080 | Orc:2    | Killed a two-headed ogre
 11086 | Orc:2    | Found Ikumaan's General Store.
 11101 | Orc:2    | Found Funuthunula's General Store.
 11101 | Orc:2    | Noticed a two-headed ogre
 11161 | Orc:2    | Killed a two-headed ogre
 11250 | Orc:2    | Found Etoade's Book Boutique.
 11262 | Orc:2    | Found Zyplu's Assorted Antiques.
 11710 | Lair:1   | Entered Level 1 of the Lair of Beasts
 11736 | Lair:1   | Reached XP level 13. HP: 116/116 MP: 12/12
 13224 | Orc:2    | Bought the +9 scales of the Dragon King {rPois rF+ rC+ MR+}
                  | for 1497 gold pieces
 13224 | Orc:2    | Found the +9 scales of the Dragon King {rPois rF+ rC+ MR+}
 13566 | Lair:3   | Reached skill level 1 in Evocations
 14098 | Lair:3   | Found a staircase to the Shoals.
 14154 | Lair:3   | Found a staircase to the Snake Pit.
 14771 | Lair:4   | Received a gift from Trog
 15140 | Lair:5   | Found a staircase to the Slime Pits.
 15150 | Lair:5   | Found a viscous altar of Jiyva.
 15173 | Lair:5   | Reached skill level 5 in Evocations
 15224 | Lair:5   | Reached XP level 14. HP: 93/124 MP: 16/16
 15248 | Lair:5   | Received a gift from Trog
 15986 | Lair:6   | Entered Level 6 of the Lair of Beasts
 17493 | Lair:6   | Received a gift from Trog
 17493 | Lair:6   | Reached skill level 15 in Long Blades
 17555 | Lair:6   | Found a large runed door.
 17556 | Lair:6   | Found a large runed door.
 17623 | Lair:6   | Got jewelled pearl dragon scales
 17644 | Lair:6   | Identified the cursed +0 pearl dragon scales of
                  | Claustrophobia {rN+ rCorr} (You found it on level 6 of the
                  | Lair of Beasts)
 18006 | Snake:1  | Entered Level 1 of the Snake Pit
 18006 | Snake:1  | Found a runed gate.
 18006 | Snake:1  | Found a runed gate.
 18006 | Snake:1  | Found a runed gate.
 18043 | Snake:1  | Noticed Vichic's ghost (adept GrFE)
 18642 | D:11     | Reached XP level 15. HP: 133/134 MP: 5/17
 19091 | D:12     | Noticed Urug
 19112 | D:12     | Killed Urug
 19185 | D:12     | Noticed Erolcha
 19203 | D:12     | Killed Erolcha
 19237 | D:12     | Received a gift from Trog
 19846 | D:13     | Found Atoetao's Assorted Antiques.
 19878 | D:13     | Bought a scroll of identify for 58 gold pieces
 19878 | D:13     | Identified 2 scrolls of acquirement
 20047 | D:13     | Got an ancient double sword
 20050 | D:13     | Identified the +7 double sword of Ajaeph {vamp, *Drain
                  | rPois rC++} (You acquired it on level 13 of the Dungeon)
 20715 | D:13     | Got a warped hand crossbow
 20940 | D:14     | Received a gift from Trog
 21176 | D:14     | Found a sacrificial altar of Ru.
 21518 | D:14     | Reached skill level 15 in Armour
 21540 | D:14     | Found a gate to the Vaults.
 21852 | D:15     | Entered Level 15 of the Dungeon
 22121 | D:15     | Received a gift from Trog
 22652 | D:15     | Found a staircase to the Depths.
 22947 | D:7      | Bought a scroll of blinking for 97 gold pieces
 23129 | Orc:2    | Bought a potion of heal wounds for 85 gold pieces
 23143 | Orc:2    | Bought a scroll of identify for 24 gold pieces
 23360 | Snake:1  | Reached XP level 16. HP: 143/146 MP: 14/18
 23423 | Snake:1  | Noticed Josephine
 23434 | Snake:1  | Killed Josephine
 23754 | Snake:1  | Received a gift from Trog
 23822 | Snake:1  | Identified the cursed +1 hand crossbow of Xom's Regard
                  | {velocity, Str+5 Dex+3} (You found it on level 13 of the
                  | Dungeon)
 24216 | Snake:1  | Found an opulent altar of Gozag.
 24272 | Snake:1  | Killed Vichic's ghost
 24272 | Snake:1  | Reached skill level 15 in Shields
 24537 | Snake:2  | Noticed Kirke
 24542 | Snake:2  | Killed Kirke
 25075 | Snake:2  | Noticed Nikola
 25093 | Snake:2  | Killed Nikola
 25142 | Snake:2  | Received a gift from Trog
 25370 | Snake:3  | Reached skill level 15 in Fighting
 25949 | Snake:4  | Entered Level 4 of the Snake Pit
 26030 | Snake:4  | Reached skill level 15 in Dodging
 26178 | Snake:4  | Reached XP level 17. HP: 131/156 MP: 20/20
 26213 | Snake:4  | Found Zemut's Distillery.
 26382 | Snake:4  | Received a gift from Trog
 26787 | Snake:4  | Reached ****** piety under Trog
 26787 | Snake:4  | Received a gift from Trog
 26832 | Snake:4  | Got a serpentine rune of Zot
 27070 | Snake:4  | Found a runed door.
 27070 | Snake:4  | Noticed Finguili's ghost (adept TeGl)
 27129 | Snake:4  | Killed Finguili's ghost
 27419 | Snake:4  | Received a gift from Trog
 27492 | Snake:4  | Reached XP level 18. HP: 35/166 MP: 22/22
 27506 | Snake:4  | Got a translucent marble ring
 27509 | Snake:4  | Identified the ring "Dinieret" {rElec rF+ MR+ Slay-4} (You
                  | took it off a nagaraja on level 4 of the Snake Pit)
 27759 | Shoals:1 | Entered Level 1 of the Shoals
 27759 | Shoals:1 | Found Lauloif's Assorted Antiques.
 28740 | Shoals:2 | Found Neablorr's Weapon Boutique.
 28771 | Shoals:2 | Found Pabrucil's Weapon Shoppe.
 28810 | Shoals:2 | Received a gift from Trog
 30158 | Shoals:4 | Entered Level 4 of the Shoals
 30327 | Shoals:4 | Received a gift from Trog
 30712 | Shoals:4 | Got a barnacled rune of Zot
 30990 | Shoals:4 | Received a gift from Trog
 31094 | Shoals:4 | Reached XP level 19. HP: 157/177 MP: 23/23
 31379 | Vaults:1 | Entered Level 1 of the Vaults
 31983 | Vaults:1 | Gained mutation: Your spells are a little easier to cast,
                  | but a little less powerful. [a shining eye]
 31985 | Vaults:1 | Gained mutation: Your body sometimes deteriorates upon
                  | taking damage. [a shining eye]
 32023 | Vaults:1 | Received a gift from Trog
 32759 | Vaults:2 | Got a twitching ivory ring
 32781 | Vaults:2 | Identified the ring of Cuoj {Wiz Dex+2} (You found it on
                  | level 2 of the Vaults)
 32794 | Vaults:2 | Noticed Sojobo
 32810 | Vaults:2 | Killed Sojobo
 32872 | Vaults:2 | Received a gift from Trog
 32973 | Vaults:2 | Noticed Asterion
 32993 | Vaults:2 | Killed Asterion
 33699 | Vaults:2 | Found an ornate altar of the Wu Jian Council.
 33980 | Vaults:3 | Received a gift from Trog
 34319 | Vaults:3 | Reached XP level 20. HP: 184/189 MP: 25/25
 34358 | Vaults:3 | Found a staircase to the Crypt.
 34516 | Vaults:3 | Received a gift from Trog
 35282 | Vaults:4 | Received a gift from Trog
 35865 | Vaults:4 | Reached skill level 10 in Evocations
 36312 | Vaults:5 | Entered Level 5 of the Vaults
 36528 | Vaults:4 | Reached XP level 21. HP: 198/198 MP: 27/27
 36559 | Vaults:4 | Received a gift from Trog
 36836 | Vaults:5 | Noticed a golden dragon
 36869 | Vaults:5 | Killed a golden dragon
 37255 | Vaults:5 | Received a gift from Trog
 37315 | Vaults:5 | Got a silver rune of Zot
 37391 | Vaults:5 | Got a vibrating lead amulet
 37541 | Vaults:5 | Noticed Saint Roka
 37580 | Vaults:5 | Killed Saint Roka
 37715 | Vaults:5 | Reached XP level 22. HP: 196/209 MP: 28/28
 37770 | Vaults:5 | Found the +9 sword of Zonguldrok {reap}
 37805 | Vaults:5 | Identified the amulet "Qemo" {Acrobat Int+3} (You took it
                  | off a yaktaur captain on level 5 of the Vaults)
 37873 | Vaults:5 | Identified the amulet of Music {Acrobat *Corrode rElec
                  | rPois} (You took it off a deep elf knight on level 5 of the
                  | Vaults)
 38198 | Orc:2    | Bought a scroll of remove curse for 117 gold pieces
 38198 | Orc:2    | Bought an amber-studded ring mail for 351 gold pieces
 38209 | Orc:2    | Bought a scroll of identify for 78 gold pieces
 39396 | Vaults:5 | Identified the Incunabulum of Dislocation
 39622 | Depths:1 | Entered Level 1 of the Depths
 40565 | Depths:1 | Found a gateway to Hell.
 40644 | Depths:1 | Found Gyomol's Gadget Shoppe.
 40645 | Depths:1 | Found Istrav's Jewellery Shop.
 40647 | Depths:1 | Found Buext's Gadget Shoppe.
 40661 | Depths:1 | Bought the ring "Manaor" {MR+ MP+9 Dex+3} for 855 gold
                  | pieces
 40819 | Depths:1 | Found a one-way gate leading to the halls of Pandemonium.
 41340 | Depths:2 | Received a gift from Trog
 41372 | Depths:2 | Found a one-way gate to the infinite horrors of the Abyss.
 41834 | Depths:2 | You fall through a shaft for 2 floors!
 41902 | Depths:3 | Noticed a golden dragon
 41932 | Depths:3 | Killed a golden dragon
 41932 | Depths:3 | Reached XP level 23. HP: 175/220 MP: 29/29
 42313 | Depths:3 | Paralysed by a floating eye for 3 turns
 42324 | Depths:3 | Paralysed by a floating eye for 3 turns
 42330 | Depths:3 | Paralysed by a floating eye for 3 turns
 42337 | Depths:3 | Paralysed by a floating eye for 2 turns
 42647 | Depths:3 | Paralysed by a floating eye for 4 turns
 42664 | Depths:3 | Paralysed by a floating eye for 2 turns
 42709 | Depths:3 | Received a gift from Trog
 42756 | Depths:3 | Identified the -6 buckler of Yveugrisk {-Cast rPois rN+
                  | Stlth+} (You found it on level 3 of the Depths)
 42856 | Depths:3 | Noticed a caustic shrike
 42867 | Depths:3 | Killed a caustic shrike
 42921 | Depths:3 | Identified the Collected Works on the Entourage and
                  | Self-Knowledge
 42936 | Depths:3 | Got a clouded brass amulet
 43009 | Depths:3 | Noticed a juggernaut
 43026 | Depths:3 | Killed a juggernaut
 43178 | Depths:3 | Noticed a caustic shrike
 43190 | Depths:3 | Killed a caustic shrike
 43407 | Depths:3 | Found a gateway to a ziggurat.
 43918 | Depths:3 | Received a gift from Trog
 44496 | Depths:4 | Found Booqah's Book Shoppe.
 44528 | Depths:4 | Noticed Boris
 44561 | Depths:4 | Killed Boris
 44566 | Depths:4 | Reached XP level 24. HP: 183/231 MP: 29/29
 44575 | Depths:4 | Received a gift from Trog
 45090 | Depths:5 | Entered Level 5 of the Depths
 45427 | Depths:5 | Received a gift from Trog
 45736 | Depths:5 | Found a gate to the Realm of Zot.
 45987 | Depths:5 | Got a fine double sword
 46436 | Elf:1    | Entered Level 1 of the Elven Halls
 46587 | Elf:1    | Received a gift from Trog
 46692 | Elf:1    | Identified the +4 double sword "Nouc" {vamp, rElec} (You
                  | found it on level 5 of the Depths)
 47085 | Elf:1    | Noticed Louise
 47108 | Elf:1    | Killed Louise
 47108 | Elf:1    | Received a gift from Trog
 47544 | Elf:2    | Found a runed door.
 47570 | Elf:2    | Found a runed door.
 47788 | Elf:2    | Received a gift from Trog
 48127 | Elf:2    | Reached XP level 25. HP: 240/240 MP: 29/29
 48468 | Elf:3    | Entered Level 3 of the Elven Halls
 48859 | Elf:3    | Received a gift from Trog
 49171 | Elf:3    | Identified Sif Muna's Compendium of Translocation
 49293 | Elf:3    | Got a crude cloak
 49304 | Elf:3    | Identified the +2 cloak of Hadjma {Regen+ Str+2 Stlth-}
                  | (You found it on level 3 of the Elven Halls)
 49557 | Elf:3    | Identified the +1 crystal plate armour of Urhatt {rPois MR+
                  | Dex+4 Stlth+} (You found it on level 3 of the Elven Halls)
 50305 | Crypt:1  | Entered Level 1 of the Crypt
 50324 | Crypt:1  | Received a gift from Trog
 51544 | Crypt:1  | Noticed Aizul
 51567 | Crypt:1  | Killed Aizul
 51616 | Crypt:1  | Noticed Jory
 51662 | Crypt:1  | Killed Jory
 51679 | Crypt:1  | Received a gift from Trog
 51885 | Crypt:1  | Noticed Xtahua
 51909 | Crypt:1  | Killed Xtahua
 52977 | Crypt:3  | Entered Level 3 of the Crypt
 53013 | Crypt:3  | Received a gift from Trog
 53041 | Crypt:3  | Reached XP level 26. HP: 219/254 MP: 29/29
 53520 | Crypt:3  | Received a gift from Trog
 53714 | Crypt:3  | Identified the Compendium of Dark Magic
 53747 | Crypt:3  | Identified the ring of Buorch {*Drain rElec rN+ Dex+3} (You
                  | found it on level 3 of the Crypt)
 53748 | Crypt:3  | Identified the ring "Deid" {rN+ Int+3} (You found it on
                  | level 3 of the Crypt)
 53749 | Crypt:3  | Identified the ring of Tetoq {rF+ rN+ MR++ Slay-5} (You
                  | found it on level 3 of the Crypt)
 54072 | Crypt:3  | Found a staircase to the Tomb.
 54321 | Crypt:3  | Identified the Almanac of Translocation and the Mountains
 54843 | Slime:1  | Entered Level 1 of the Pits of Slime
 54870 | Slime:1  | Gained mutation: Scrolls take you a little longer to read.
                  | [a shining eye]
 54941 | Slime:1  | Received a gift from Trog
 55601 | Slime:3  | Gained mutation: You are dopey. (Int -2) [a shining eye]
 55727 | Slime:3  | Gained mutation: Your body often deteriorates upon taking
                  | damage. [a shining eye]
 55734 | Slime:3  | Gained mutation: Scrolls take you longer to read. [a
                  | shining eye]
 56055 | Slime:4  | Paralysed by a floating eye for 3 turns
 56341 | Slime:5  | Entered Level 5 of the Pits of Slime
 57220 | Slime:5  | Noticed the Royal Jelly
 57221 | Slime:5  | Found a viscous altar of Jiyva.
 57293 | Slime:5  | Killed the Royal Jelly
 57470 | Slime:5  | Reached skill level 1 in Throwing
 57521 | Slime:5  | Got a slimy rune of Zot
 58286 | Orc:2    | Bought a potion of mutation for 112 gold pieces
 58286 | Orc:2    | Bought a potion of mutation for 112 gold pieces
 58430 | Elf:3    | Lost mutation: Your body often deteriorates upon taking
                  | damage. [potion of mutation]
 58430 | Elf:3    | Lost mutation: Your body sometimes deteriorates upon taking
                  | damage. [potion of mutation]
 58430 | Elf:3    | Lost mutation: Your muscles are strong. (Str +2) [potion of
                  | mutation]
 58430 | Elf:3    | Lost mutation: You are dopey. (Int -2) [potion of mutation]
 58430 | Elf:3    | Gained mutation: You are frail. (-10% HP) [potion of
                  | mutation]
 58430 | Elf:3    | Gained mutation: You are somewhat resistant to further
                  | mutation. [potion of mutation]
 58430 | Elf:3    | Gained mutation: You expend magic power (3 MP) to
                  | strengthen your wands. [potion of mutation]
 58431 | Elf:3    | Lost mutation: You are somewhat resistant to further
                  | mutation. [potion of mutation]
 58431 | Elf:3    | Lost mutation: Scrolls take you longer to read. [potion of
                  | mutation]
 58431 | Elf:3    | Lost mutation: Your spells are a little easier to cast, but
                  | a little less powerful. [potion of mutation]
 58432 | Elf:3    | Lost mutation: Scrolls take you a little longer to read.
                  | [potion of mutation]
 58432 | Elf:3    | Lost mutation: You expend magic power (3 MP) to strengthen
                  | your wands. [potion of mutation]
 58432 | Elf:3    | Lost mutation: You are partially covered in iridescent
                  | scales. (AC +2) [potion of mutation]
 58432 | Elf:3    | Lost mutation: You possess an exceptional clarity of mind.
                  | [potion of mutation]
 58432 | Elf:3    | Gained mutation: You passively map a small area around you.
                  | [potion of mutation]
 58432 | Elf:3    | Gained mutation: You occasionally shout uncontrollably at
                  | your foes. [potion of mutation]
 58432 | Elf:3    | Gained mutation: You passively map the area around you.
                  | [potion of mutation]
 58433 | Elf:3    | Lost mutation: You occasionally shout uncontrollably at
                  | your foes. [potion of mutation]
 58433 | Elf:3    | Lost mutation: You are frail. (-10% HP) [potion of
                  | mutation]
 58433 | Elf:3    | Gained mutation: You have large cloven feet. [potion of
                  | mutation]
 58433 | Elf:3    | Gained mutation: Your spells are a little harder to cast,
                  | but a little more powerful. [potion of mutation]
 58664 | Orc:2    | Bought a box of beasts for 240 gold pieces
 58866 | Depths:1 | Bought a box of beasts for 440 gold pieces
 58971 | D:13     | Bought a box of beasts for 580 gold pieces
 60208 | Zot:1    | Entered Level 1 of the Realm of Zot
 60728 | Zot:1    | Noticed an orb of fire
 60746 | Zot:1    | Gained mutation: Armour fits poorly on your strangely
                  | shaped body. [an orb of fire]
 60749 | Zot:1    | Lost mutation: Your spells are a little harder to cast, but
                  | a little more powerful. [an orb of fire]
 60750 | Zot:1    | Killed an orb of fire
 60798 | Zot:1    | Reached XP level 27. HP: 201/266 MP: 30/30
 61393 | Zot:2    | Found a runed door.
 61561 | Zot:2    | Received a gift from Trog
 62021 | Zot:2    | Noticed nago's ghost (legendary GnAs)
 62063 | Zot:2    | Killed nago's ghost
 62772 | Zot:3    | Reached skill level 15 in Evocations
 65005 | Zot:4    | Received a gift from Trog
 65179 | Zot:5    | Entered Level 5 of the Realm of Zot
 65424 | Zot:5    | Noticed an ancient lich
 65441 | Zot:5    | Killed an ancient lich
 65538 | Zot:5    | Noticed an ancient lich
 65539 | Zot:5    | Noticed an ancient lich
 65558 | Zot:5    | Killed an ancient lich
 65562 | Zot:5    | Killed an ancient lich
 65722 | Zot:5    | Noticed an ancient lich
 65722 | Zot:5    | Noticed an orb of fire
 65722 | Zot:5    | Noticed an ancient lich
 65726 | Zot:5    | Gained mutation: You are frail. (-10% HP) [an orb of fire]
 65735 | Zot:5    | Noticed an ancient lich
 65737 | Zot:5    | Killed an orb of fire
 65755 | Zot:5    | Killed an ancient lich
 65800 | Zot:5    | Killed an ancient lich
 65881 | Zot:5    | Noticed an ancient lich
 65891 | Zot:5    | Killed an ancient lich
 66009 | Zot:5    | Noticed an orb of fire
 66011 | Zot:5    | Noticed an ancient lich
 66012 | Zot:5    | Gained mutation: You tend to lose your temper in combat.
                  | [an orb of fire]
 66026 | Zot:5    | Gained mutation: Scrolls take you a little longer to read.
                  | [an orb of fire]
 66027 | Zot:5    | Killed an orb of fire
 66030 | Zot:5    | Killed an ancient lich
 66143 | Zot:5    | Received a gift from Trog
 66155 | Zot:5    | Noticed an orb of fire
 66172 | Zot:5    | Gained mutation: Scrolls take you longer to read. [an orb
                  | of fire]
 66175 | Zot:5    | Killed an orb of fire
 66602 | Zot:5    | Killed an ancient lich
 68354 | Hell     | Entered the Vestibule of Hell
 68413 | Depths:5 | Lost mutation: You tend to lose your temper in combat.
                  | [potion of mutation]
 68413 | Depths:5 | Lost mutation: You have large cloven feet. [potion of
                  | mutation]
 68413 | Depths:5 | Lost mutation: You are frail. (-10% HP) [potion of
                  | mutation]
 68413 | Depths:5 | Lost mutation: You passively map the area around you.
                  | [potion of mutation]
 68413 | Depths:5 | Gained mutation: You are agile. (Dex +2) [potion of
                  | mutation]
 68413 | Depths:5 | Gained mutation: You have large cloven feet. [potion of
                  | mutation]
 68414 | Depths:5 | Lost mutation: You passively map a small area around you.
                  | [potion of mutation]
 68414 | Depths:5 | Lost mutation: You have large cloven feet. [potion of
                  | mutation]
 68414 | Depths:5 | Lost mutation: Scrolls take you longer to read. [potion of
                  | mutation]
 68414 | Depths:5 | Gained mutation: You are weak. (Str -2) [potion of
                  | mutation]
 68414 | Depths:5 | Lost mutation: Scrolls take you a little longer to read.
                  | [potion of mutation]
 68414 | Depths:5 | Gained mutation: You are partially covered in large bone
                  | plates. (SH +4) [potion of mutation]
 68414 | Depths:5 | Gained mutation: Your spells are a little harder to cast,
                  | but a little more powerful. [potion of mutation]
 68507 | Depths:1 | Bought a +6 ring of intelligence for 1287 gold pieces
 68776 | Depths:1 | Received a gift from Trog
 69090 | Hell     | Noticed Murray
 69120 | Hell     | Killed Murray
 69143 | Hell     | Noticed Geryon
 69211 | Hell     | Killed Geryon
 69271 | Hell     | Found a gateway to the Iron City of Dis.
 69356 | Hell     | Found a gateway to the freezing wastes of Cocytus.
 69441 | Hell     | Found a gateway to the decaying netherworld of Tartarus.
 69484 | Hell     | Found a gateway to the ashen valley of Gehenna.
 69575 | Coc:1    | Entered Level 1 of Cocytus
 70130 | Coc:1    | Received a gift from Trog
 70657 | Coc:1    | Gained mutation: You have large cloven feet. [mutagenic
                  | glow]
 71433 | Coc:2    | Received a gift from Trog
 72080 | Zot:5    | Got the Orb of Zot
 72232 | Zot:3    | Noticed Jerrude the pandemonium lord
 72257 | Zot:3    | Killed Jerrude the pandemonium lord
 72258 | Zot:3    | Noticed Puvot the pandemonium lord
 72448 | Depths:1 | Noticed Huqa Xor the pandemonium lord
 72458 | Depths:1 | Gained mutation: You are frail. (-10% HP) [a neqoxec]
 72580 | Depths:1 | Received a gift from Trog
 72591 | Depths:1 | Killed Huqa Xor the pandemonium lord
 72692 | D:13     | Noticed Josueprip the pandemonium lord
 72773 | D:11     | Noticed Ewaebro the pandemonium lord
 72795 | D:10     | Paralysed by Ewaebro for 6 turns
 72835 | D:10     | Noticed a seraph
 72971 | D:5      | Noticed Xomyxtesm the pandemonium lord
 73098 | D:$      | Escaped with the Orb!

Skill      XL: |  1  2  3  4  5  6  7  8  9 10 11 12 13 14 15 16 17 18 19 20 21 22 23 24 25 26 27 |
---------------+----------------------------------------------------------------------------------+-----
Long Blades    | 4 5 6 7 8 9 10 11 12 13 15 16 | 16.0
Fighting       | 4 5 6 7 8 9 10 11 12 14 15 16 17 18 19 20 21 22 23 25 | 25.0
Armour         | 3 4 5 7 8 9 10 12 13 14 15 16 17 18 19 20 21 22 23 24 25 | 25.0
Dodging        | 3 4 5 6 7 9 10 11 12 13 15 16 17 18 19 20 21 22 23 25 | 25.0
Shields        | 3 7 8 10 11 12 13 14 15 16 17 18 19 20 21 22 24 25 | 25.0
Evocations     | 5 6 7 8 10 11 25 | 25.2
Throwing       | 2 |  2.2

Action                   |  1- 3 |  4- 6 |  7- 9 | 10-12 | 13-15 | 16-18 | 19-21 | 22-24 | 25-27 || total
-------------------------+-------+-------+-------+-------+-------+-------+-------+-------+-------++-------
Melee: Falchion          |    51 |   129 |    85 |   331 |       |       |       |       |       ||   596
       Headbutt          |    13 |    30 |    73 |   261 |   467 |   579 |   793 |  1053 |  2002 ||  5271
       Long sword        |       |       |   185 |   499 |   982 |       |       |       |       ||  1666
       Scimitar          |       |       |       |       |   214 |       |       |       |       ||   214
       Double sword      |       |       |       |       |   404 |  2098 |  2095 |  2418 |   408 ||  7423
       Katana            |       |       |       |       |       |       |       |       |  4114 ||  4114
Invok: Trog's Hand       |     1 |     6 |     9 |    14 |    18 |    16 |    31 |    43 |    72 ||   210
       Berserk           |       |       |     4 |     2 |     2 |     3 |       |     1 |     3 ||    15
       Brothers in Arms  |       |       |       |     4 |       |     2 |     9 |       |     6 ||    21
 Abil: Evoke Flight      |       |       |       |       |       |    10 |       |       |       ||    10
Evoke: Wand              |       |       |       |       |     1 |       |       |     1 |     4 ||     6
       Box of beasts     |       |       |       |       |       |       |       |       |     3 ||     3
       Sack of spiders   |       |       |       |       |       |       |       |       |     2 ||     2
  Use: Scroll            |       |     9 |     6 |     7 |    14 |    11 |     4 |    11 |    27 ||    89
       Potion            |       |     2 |       |     9 |       |     6 |     1 |     4 |    49 ||    71
 Stab: Distracted        |       |       |       |       |     1 |     1 |       |     2 |     6 ||    10
       Invisible         |       |       |       |       |       |       |       |       |     5 ||     5
       Confused          |       |       |       |       |       |       |       |       |     3 ||     3
  Eat: Chunk             |       |     6 |    11 |    21 |    19 |    11 |    30 |    25 |    25 ||   148
       Ration            |       |       |     2 |     4 |     9 |    10 |     3 |     8 |    28 ||    64
Armor: Animal skin       |     2 |       |       |       |       |       |       |       |       ||     2
       Leather armour    |    17 |    55 |       |       |       |       |       |       |       ||    72
       Scale mail        |       |       |    82 |       |       |       |       |       |       ||    82
       Ring mail         |       |       |    10 |       |       |       |       |       |       ||    10
       Plate armour      |       |       |     4 |   291 |    23 |       |       |       |       ||   318
       Gold dragon scale |       |       |       |       |   767 |   972 |   707 |   867 |  1115 ||  4428
Dodge: Dodged            |    40 |    82 |   130 |   308 |   518 |   842 |   720 |  1041 |  1758 ||  5439
Block: Shield            |       |       |    97 |   498 |  1028 |  1891 |  1659 |   510 |       ||  5683
       Large shield      |       |       |       |       |       |       |       |  1959 |  5073 ||  7032
       Rpst.: Falchion   |    14 |    20 |     9 |    16 |       |       |       |       |       ||    59
       Long sword        |       |       |    21 |    49 |    88 |       |       |       |       ||   158
       Scimitar          |       |       |       |       |     8 |       |       |       |       ||     8
       Double sword      |       |       |       |       |    29 |   138 |   154 |   161 |    29 ||   511
       Katana            |       |       |       |       |       |       |       |       |   258 ||   258
